 Dungeon Crawl Stone Soup version 0.31-a0-865-g3d5d917 (webtiles) character file.

Game seed: 2851580029091543081

3140 Meow the Destroyer (level 9, 0/81 HPs)
             Began as a Naga Conjurer on Oct 10, 2023.
             Was an Initiate of Gozag.
             Shot with an arrow by a centaur (17 damage)
             ... on level 7 of the Dungeon.
             The game lasted 00:21:21 (7279 turns).

Meow the Destroyer (Naga Conjurer)                  Turns: 7279, Time: 00:21:22

Health: 0/81       AC: -1    Str: 10    XL:     9   Next: 92%
Magic:  8/21       EV:  9    Int: 23    God:    Gozag
Gold:   246        SH:  0    Dex:  9    Spells: 14/24 levels left

rFire   . . .        a - +1 whip (elec)
rCold   . . .        (no shield)
rNeg    . . .        H - +1 robe {Will+}
rPois   +            (no helmet)
rElec   .            A - +1 cloak
rCorr   .            (no gloves)
SInv    +            (no barding)
Will    ++...        (no amulet)
Stlth   ++           (no ring)
HPRegen 0.33/turn    (no ring)
MPRegen 0.17/turn

%: no passive effects
@: corroded, gold aura, very slow
A: AC +3, large, see invisible, deformed body, poison resistance, slowness 2,
spit poison 1, naga tail 1
a: Spit Poison, Renounce Religion, Potion Petition, Call Merchant, Bribe Branch


You were on level 7 of the Dungeon.
You worshipped Gozag.
Gozag was aware of your devotion.
You visited 2 branches of the dungeon, and saw 8 of its levels.
You also visited: Sewer.

You collected 379 gold pieces.
You paid 133 gold pieces to Gozag.

Inventory:

Hand Weapons
 a - a +1 whip of electrocution (weapon)
 k - a +0 club
 C - a +0 dagger of protection
Missiles
 j - 81 stones
 l - a curare-tipped dart
 t - 18 poisoned darts
Armour
 c - a +0 robe
 u - a +1 robe of fire resistance
 w - the +0 chain mail of Levity {Regen+ Dex+4}
   (You found it on level 5 of the Dungeon)

   Dex+4:     It affects your dexterity (+4).
   Regen+:    It increases your rate of health regeneration.
 A - a +1 cloak (worn)
 H - a +1 robe of willpower (worn)
 K - the +0 leather armour of the Wary Knives {rC+}
   (You found it on level 7 of the Dungeon)

   rC+:       It protects you from cold.
Jewellery
 x - a +6 ring of dexterity
Talismans
 v - a blade talisman
Wands
 y - a wand of quicksilver (7)
 J - a wand of roots (18)
Scrolls
 g - a scroll of identify
 h - a scroll of fog {unknown}
 i - a scroll of torment {unknown}
 m - a scroll of amnesia
 n - 3 scrolls of brand weapon {unknown}
 o - a scroll of blinking {unknown}
 q - 4 scrolls of teleportation
 r - 3 scrolls of enchant armour {unknown}
 s - 2 scrolls of silence {unknown}
 z - a scroll of vulnerability {unknown}
Potions
 b - 2 potions of magic
 d - 2 potions of ambrosia
 e - 2 potions of curing
 f - 3 potions of attraction
 p - 2 potions of heal wounds {unknown}
 B - a potion of cancellation {unknown}
 D - a potion of haste {unknown}
 E - 3 potions of might {unknown}
 F - a potion of resistance {unknown}
 G - 2 potions of mutation {unknown}
 I - a potion of degeneration {unknown}
 L - 2 potions of berserk rage {unknown}


   Skills:
 + Level 5.4 Fighting
 - Level 1.5 Dodging
 - Level 3.0 Stealth
 - Level 8.0 Spellcasting
 - Level 10.0 Conjurations


You had 14 spell levels left.
You knew the following spells:

 Your Spells              Type           Power      Damage    Failure   Level
a - Magic Dart            Conj           100%       1d8       1%          1
b - Searing Ray           Conj           100%       2d8       1%          2
g - Brom's Barrelling Bo  Conj/Erth      32%        2d5       9%          4
A - Stone Arrow           Conj/Erth      64%        3d11      2%          3

Your spell library contained the following spells:

 Spells                   Type           Power      Damage    Failure   Level
 Kiss of Death            Conj/Necr      100%       2d13      1%          1
 Dazzling Flash           Conj/Hex       64%        N/A       2%          3
 Sandblast                Erth           18%        2d7       7%          1
 Fulminant Prism          Conj/Hex       16%        3d10      9%          4
 Iskenderun's Mystic Bla  Conj/Tloc      32%        2d8       9%          4
 Ensorcelled Hibernation  Hex/Ice        18%        N/A       11%         2
 Passwall                 Tmut/Erth      7%         N/A       11%         2
 Confusing Touch          Hex            9%         N/A       21%         3
 Swiftness                Air            9%         N/A       21%         3
 Dispel Undead            Necr           9%         3d8       56%         4


Dungeon Overview and Level Annotations

Branches:
Dungeon (7/15)             Temple (1/1) D:6           Sewer (visited)

Altars:
Ashenzari
Cheibriados
Dithmenos
Elyvilon
Fedhas
Gozag
Hepliaklqana
Kikubaaqudgha
Okawaru
Qazlal
Ru
Sif Muna
Trog
Uskayaw
Vehumet
Xom
Yredelemnul
The Shining One

Annotations:
D:7 Joseph


Innate Abilities, Weirdness & Mutations

Your serpentine skin is tough. (AC +3)
You have supernaturally acute eyesight. (SInv)
Armour fits poorly on your strangely shaped body.
Your system is resistant to poisons. (rPois)
You cover ground very slowly.
You can spit poison.
You have a snake-like lower body.


Message History

Press: ? - help, Shift-Dir - straight line, f - white imp
Aim: a white imp (wandering, hasn't noticed you, 100% to hit)
The magic dart hits the white imp.
The white imp is lightly wounded.
The white imp shouts!
The white imp gestures at you. The puff of frost hits you.
An acid dragon comes into view.
You see here 5 gold pieces.
Casting: Magic Dart (safe; 1% risk of failure)
Confirm with . or Enter, or press ? or * to list all spells.
Aiming: Searing Ray (safe; 1% risk of failure)
Press: ? - help, Shift-Dir - straight line, f/p - white imp
Aim: a white imp (lightly wounded, 83% to hit)
The searing ray hits the white imp!
The white imp is almost dead. (Press . to maintain the ray.) Unknown command.
The searing ray hits the white imp!
You kill the white imp!
A centaur comes into view.
The acid dragon spits acid at you. The splash of acid hits you!
The acid corrodes you!
The centaur wields a +0 orcbow.
The centaur shoots an arrow.
The arrow closely misses you.
Casting: Searing Ray (safe; 1% risk of failure)
Confirm with . or Enter, or press ? or * to list all spells.
You can't see any susceptible monsters within range! (Use Z to cast anyway.) Unknown command.
The acid dragon spits acid at you. The splash of acid hits you!!
You see here 12 gold pieces.
The centaur shoots an arrow.
The arrow hits you.
The centaur shoots an arrow.
The arrow hits you. The acid dragon spits acid at you.
The splash of acid hits you!
* * * LOW HITPOINT WARNING * * *
The acid corrodes you!
The centaur shoots an arrow.
The arrow hits you!
You die...
Your body crumbles into a pile of gold.

######
.!.(.###########
###............#
#..............#
#...$$.......(.#
#D$.$$.@.<...##
.<..c.#+#+##+#+##
...... #....
.c##. . ? ..


You could see an acid dragon (catching breath) and a centaur.

Vanquished Creatures
  A manticore (D:6)
  A cyclops (D:6)
  A troll (D:6)
  2 orc warriors (D:6)
  2 ice beasts
  2 black bears
  3 phantoms
  2 kobold brigands (Sewer)
  3 bullfrogs
  A gnoll sergeant (D:6)
  5 wights (D:6)
  3 hounds
  4 orc priests
  2 iguanas
  A jelly (D:5)
  A sleepcap (D:6)
  Jessica (D:3)
  3 orc wizards
  A gnoll (D:1)
  5 river rats (Sewer)
  9 adders
  2 shadow imps (D:6)
  3 white imps
  A worm (D:4)
  2 dart slugs
  23 orcs
  5 endoplasms
  9 giant cockroaches
  8 goblins
  12 hobgoblins
  6 jackals
  28 kobolds
  6 quokkas
  13 ball pythons
  7 bats
  2 frilled lizards (D:3)
  22 rats
202 creatures vanquished.

Vanquished Creatures (collateral kills)
  3 boulders
3 creatures vanquished.

Vanquished Creatures (others)
  6 boulders
6 creatures vanquished.

Grand Total: 211 creatures vanquished

Notes
Turn   | Place    | Note
-------+----------+-------------------------------------------
     0 | D:1      | Meow the Naga Conjurer began the quest for the Orb.
     0 | D:1      | Reached XP level 1. HP: 15/15 MP: 3/3
   111 | D:1      | Reached XP level 2. HP: 18/22 MP: 1/5
   122 | D:1      | Learned a level 2 spell: Searing Ray
   469 | D:1      | Found a faded altar of an unknown god.
   525 | D:1      | Reached XP level 3. HP: 28/28 MP: 4/6
  1090 | D:2      | Reached XP level 4. HP: 36/36 MP: 5/8
  1644 | D:2      | Reached skill level 5 in Conjurations
  1804 | D:3      | Reached XP level 5. HP: 42/42 MP: 4/10
  1905 | D:3      | Noticed an ice beast
  2324 | D:4      | Noticed a phantom
  2330 | D:4      | Killed a phantom
  2484 | D:4      | Reached XP level 6. HP: 49/49 MP: 9/12
  2589 | D:4      | Reached skill level 6 in Conjurations
  2654 | D:4      | Found a broken altar of Ashenzari.
  2902 | D:5      | Entered Level 5 of the Dungeon
  2904 | D:5      | Identified the +0 chain mail of Levity {Regen+ Dex+4}
  2973 | D:5      | Found an ancient bone altar of Kikubaaqudgha.
  3065 | D:5      | Learned a level 3 spell: Stone Arrow
  3090 | D:5      | Reached skill level 5 in Spellcasting
  3090 | D:5      | Reached XP level 7. HP: 34/55 MP: 4/14
  3150 | D:5      | Found a glowing drain.
  3170 | Sewer    | Entered a sewer
  3319 | Sewer    | Reached skill level 7 in Conjurations
  4618 | D:3      | Noticed Jessica
  4624 | D:3      | Killed Jessica
  4625 | D:3      | Reached XP level 8. HP: 62/62 MP: 12/16
  4631 | D:3      | Found a shimmering blue altar of Sif Muna.
  5038 | D:6      | Reached skill level 8 in Conjurations
  5043 | D:6      | Learned a level 4 spell: Brom's Barrelling Boulder
  5303 | D:6      | Noticed a manticore
  5303 | D:6      | Noticed a troll
  5459 | D:6      | Noticed a cyclops
  5475 | D:7      | Found a stormy altar of Qazlal.
  5478 | D:7      | Identified the +0 leather armour of the Wary Knives {rC+}
  5490 | D:7      | Noticed Joseph
  5809 | D:6      | Killed a manticore
  5810 | D:6      | Reached skill level 9 in Conjurations
  5810 | D:6      | Reached XP level 9. HP: 49/68 MP: 1/20
  6169 | D:6      | Killed a troll
  6360 | D:6      | Killed a cyclops
  6361 | D:6      | Reached skill level 10 in Conjurations
  6632 | D:6      | Found a sacrificial altar of Ru.
  6736 | D:6      | Found a staircase to the Ecumenical Temple.
  6783 | Temple   | Entered the Ecumenical Temple
  6794 | Temple   | Became a worshipper of Gozag Ym Sagoz the Greedy
  7260 | D:7      | Reached skill level 5 in Fighting
  7279 | D:7      | Shot with an arrow by a centaur

Illustrated notes

Levels and vault maps discovered:
D:1:      roderic_octagonal_star, layout_basic, basic_ecumenical_altar,
          serial_corexii_hall, corexii_hall_statues_t,
          chequers_hall_statues_corner_a, corexii_hall_statues_deadend,
          chequers_hall_statues_wall_a, chequers_hall_statues_y,
          corexii_hall_statues_l
D:2:      layout_basic, kennysheep_big_empty_room
D:3:      minmay_chambers_of_threes, layout_loops_ring, tgw_sif,
          serial_bayou_pond_a
D:4:      layout_gridville, mainiacjoe_overflow_six_doors_small,
          minmay_hedge_maze, chequers_serial_rivers_micro_e
D:5:      layout_loops_ring, lemuel_doored_altar, gup_sewer_entry_pipe
D:6:      layout_basic, nicolae_ru_awakened_eye, temple_hall, kb_rosetta
D:7:      layout_basic, lemuel_round_altar, nicolae_qazlal_scattered_showers,
          nicolae_overflow_crystal_walls, uniq_joseph, uniq_prince_ribbit1
Temple:   cyrus_circular_temple

Skill      XL: |  1  2  3  4  5  6  7  8  9 |
---------------+----------------------------+-----
Spellcasting   | 3 4 5 7 8 |  8.0
Conjurations   | 5 6 7 9 10 | 10.0
Fighting       | 5 |  5.4
Dodging        | |  1.5
Stealth        | |  3.0

Action                     |  1- 3 |  4- 6 |  7- 9 || total
---------------------------+-------+-------+-------++-------
  Melee: Club              |     8 |       |       ||     8
         Dagger            |       |     3 |     2 ||     5
   Cast: Magic Dart        |    46 |    34 |    35 ||   115
         Searing Ray       |     2 |    15 |    59 ||    76
         Stone Arrow       |       |       |    16 ||    16
         Brom's Barrelling |       |       |    10 ||    10
Ability: Spit Poison       |    23 |    29 |    33 ||    85
  Evoke: Wand              |       |       |     8 ||     8
    Use: Scroll            |     2 |       |     6 ||     8
 Armour: Robe              |     9 |    21 |    78 ||   108
  Dodge: Dodged            |     8 |    15 |    33 ||    56

Table legend: (Time is in decaauts)
 A = Elapsed time spent in this place.
 B = Non-inter-level travel time spent in this place.
 C = Inter-level travel time spent in this place.
 D = Time resting spent in this place.
 E = Time spent auto-exploring this place.
 F = Levels seen in this place.
 G = Mean time per level.
                   A        B        C        D        E       F      G
               +--------+--------+--------+--------+--------+-----+--------+
         Total |   9001 |   8670 |    331 |   2290 |   4673 |   9 | 1000.1 |
       Dungeon |   7978 |   7675 |    303 |   2040 |   4202 |   7 | 1139.7 |
        Temple |     30 |      2 |     28 |      0 |      0 |   1 |   30.0 |
         Sewer |    992 |    992 |      0 |    250 |    471 |   1 |  992.0 |
               +--------+--------+--------+--------+--------+-----+--------+

Top non-repeatable levels by time:
     D:6: 2440 daAuts
     D:3: 1354 daAuts
     D:1: 1325 daAuts
     D:5: 1077 daAuts
   Sewer: 992 daAuts
     D:2: 889 daAuts
     D:4: 778 daAuts
     D:7: 111 daAuts
  Temple: 30 daAuts
